[Event "EYCC Girls-U12 2019"]
[Site "Bratislava"]
[Date "2019.08.04"]
[Round "3.7"]
[White "Norman, Kseniya"]
[Black "Lomakina, Anzhelika"]
[Result "1/2-1/2"]
[ECO "C65"]
[WhiteElo "1532"]
[BlackElo "1752"]
[Annotator "NA"]
[PlyCount "128"]
[EventDate "2019.08.02"]
[EventType "swiss"]
[EventCountry "SVK"]
[SourceTitle "playchess.com"]
[Source "ChessBase"]
[SourceQuality "1"]
[TimeControl "40/5400+30:1800+30"]

1. e4 e5 2. Nf3 Nc6 3. Bb5 Nf6 4. Qe2 Bc5 5. c3 O-O 6. O-O Re8 7. d3 h6 8. Be3 Bb6 9. Nbd2 d5 10. exd5 Nxd5 11. Nc4 Bg4 12. h3 Nf4 13. Qd1 Bh5 14. Bxf4 exf4 15. d4 Qd5 16. Nxb6 axb6 17. c4 Qf5 18. d5 Red8 19. Bxc6 bxc6 20. Nd4 Qg5 21. Nf3 Bxf3 22. Qxf3 cxd5 23. cxd5 Rxd5 24. Rfc1 c5 25. Rc4 Qe5 26. Rxf4 Qxb2 27. Re1 Qd2 28. Rfe4 Rf8 29. R4e2 Qd3 30. Qf4 b5 31. Re3 Qf5 32. Qc7 Qd7 33. Qb6 c4 34. Re7 Qd8 35. Qc6 Qa8 36. Rb7 Rc5 37. Qxc5 Qxb7 38. Rb1 Qa6 39. Qxb5 Qxa2 40. Qb2 Qxb2 41. Rxb2 Rc8 42. Kf1 f5 43. Ke2 f4 44. Kf3 g5 45. Rc2 Kf7 46. Ke4 Ke6 47. Rc3 h5 48. f3 Kf6 49. Rc2 c3 50. Kd3 g4 51. hxg4 hxg4 52. Rxc3 Rxc3+ 53. Kxc3 gxf3 54. gxf3 Ke5 55. Kc4 Ke6 56. Kd4 Kf6 57. Ke4 Ke6 58. Kxf4 Kf6 59. Kg4 Kg6 60. f4 Kf6 61. f5 Kf7 62. Kg5 Kg7 63. f6+ Kf7 64. Kf5 Kf8 1/2-1/2

[Event "EYCC Girls-U12 2019"]
[Site "Bratislava"]
[Date "2019.08.04"]
[Round "3.8"]
[White "Denic, Hana"]
[Black "Gadasi, Noam"]
[Result "1/2-1/2"]
[ECO "B72"]
[WhiteElo "1821"]
[BlackElo "1585"]
[Annotator "NA"]
[PlyCount "62"]
[EventDate "2019.08.02"]
[EventType "swiss"]
[EventCountry "SVK"]
[SourceTitle "playchess.com"]
[Source "ChessBase"]
[SourceQuality "1"]
[TimeControl "40/5400+30:1800+30"]

1. e4 c5 2. Nf3 d6 3. d4 cxd4 4. Nxd4 Nf6 5. Nc3 g6 6. Be3 Bg7 7. h3 O-O 8. Qd2 Nc6 9. O-O-O d5 10. exd5 Nxd5 11. Nxc6 bxc6 12. Nxd5 cxd5 13. Qxd5 Qc7 14. Qxa8 Bf5 15. Qxf8+ Kxf8 16. Bd3 Be6 17. a3 h5 18. Rhe1 Kg8 19. f3 a5 20. Be4 Kh7 21. Bd4 Qf4+ 22. Be3 Qc7 23. Bd4 Qf4+ 24. Be3 Qb8 25. Bd4 Qf4+ 26. Be3 Qg3 27. Re2 Bc4 28. Red2 Qb8 29. c3 Qg3 30. Rg1 Be6 31. Rgd1 Bb3 1/2-1/2

[Event "EYCC Girls-U12 2019"]
[Site "Bratislava"]
[Date "2019.08.04"]
[Round "3.9"]
[White "Komissarova, Soigina"]
[Black "Van, Foreest Machteld"]
[Result "0-1"]
[ECO "A05"]
[WhiteElo "1663"]
[BlackElo "2186"]
[Annotator "NA"]
[PlyCount "92"]
[EventDate "2019.08.02"]
[EventType "swiss"]
[EventCountry "SVK"]
[SourceTitle "playchess.com"]
[Source "ChessBase"]
[SourceQuality "1"]
[TimeControl "40/5400+30:1800+30"]

1. Nf3 Nf6 2. c4 b6 3. g3 Bb7 4. Bg2 e6 5. O-O Be7 6. Nc3 O-O 7. Re1 Ne4 8. Nxe4 Bxe4 9. d3 Bb7 10. e4 c5 11. d4 cxd4 12. Nxd4 Nc6 13. b3 Nxd4 14. Qxd4 Bc5 15. Qd2 Qe7 16. a3 a5 17. Bb2 Bc6 18. Red1 f5 19. exf5 Rxf5 20. Bd4 Raf8 21. Ra2 Bxg2 22. Kxg2 Rf3 23. b4 axb4 24. axb4 Bxb4 25. Qe2 Bc5 26. Qxf3 Rxf3 27. Kxf3 Qd6 28. Rad2 Qc6+ 29. Kg4 Bb4 30. Rd3 Qxc4 31. Kh3 e5 32. Be3 d6 33. Rd5 b5 34. Kg2 Kf7 35. f4 Qe2+ 36. Bf2 e4 37. Kg1 e3 38. Bxe3 Qxe3+ 39. Kg2 Bc5 40. Kh3 Qe4 41. R5d2 b4 42. Rb2 Ke7 43. Rdd2 Kd7 44. Re2 Qf3 45. Ra2 b3 46. Rab2 Bd4 0-1

[Event "EYCC Girls-U12 2019"]
[Site "Bratislava"]
[Date "2019.08.04"]
[Round "3.10"]
[White "Mikheeva, Galina"]
[Black "Chicarosie, Ioana-Bianca"]
[Result "1/2-1/2"]
[ECO "C05"]
[WhiteElo "1952"]
[BlackElo "1580"]
[Annotator "NA"]
[PlyCount "83"]
[EventDate "2019.08.02"]
[EventType "swiss"]
[EventCountry "SVK"]
[SourceTitle "playchess.com"]
[Source "ChessBase"]
[SourceQuality "1"]
[TimeControl "40/5400+30:1800+30"]

1. e4 e6 2. d4 d5 3. Nd2 Nf6 4. Bd3 c5 5. dxc5 Bxc5 6. Qf3 Nc6 7. Ne2 Ne5 8. Qg3 Nxd3+ 9. Qxd3 Qb6 10. O-O dxe4 11. Nxe4 Nxe4 12. Qxe4 Bd7 13. b3 O-O 14. Bb2 Rad8 15. Rad1 Bc6 16. Qh4 f6 17. Nd4 e5 18. Ne6 Rxd1 19. Rxd1 Re8 20. Nxc5 Qxc5 21. c4 Qa5 22. a3 Rd8 23. Qg4 Rxd1+ 24. Qxd1 Qc7 25. b4 Qd7 26. Qxd7 Bxd7 27. Kf1 Be6 28. c5 a6 29. Ke2 Bc4+ 30. Kd2 Kf7 31. Kc3 Bf1 32. g3 Ke6 33. Bc1 Kd5 34. f3 g6 35. a4 f5 36. f4 e4 37. Be3 Bd3 38. Bf2 Bf1 39. Be3 Bd3 40. Kb3 Bc4+ 41. Kc3 Bd3 42. Kb3 1/2-1/2

[Event "EYCC Girls-U12 2019"]
[Site "Bratislava"]
[Date "2019.08.04"]
[Round "3.11"]
[White "Manko, Mariya"]
[Black "Tsirekidze, Barbare"]
[Result "1/2-1/2"]
[ECO "A14"]
[WhiteElo "1807"]
[BlackElo "1527"]
[Annotator "NA"]
[PlyCount "92"]
[EventDate "2019.08.02"]
[EventType "swiss"]
[EventCountry "SVK"]
[SourceTitle "playchess.com"]
[Source "ChessBase"]
[SourceQuality "1"]
[TimeControl "40/5400+30:1800+30"]

1. Nf3 d5 2. c4 e6 3. g3 Nf6 4. Bg2 Be7 5. O-O O-O 6. b3 c5 7. cxd5 Nxd5 8. Bb2 Nc6 9. d3 Bf6 10. Qc1 Bxb2 11. Qxb2 Qe7 12. Nc3 Rd8 13. Rac1 b6 14. Nxd5 exd5 15. d4 Qf6 16. Rfd1 Bb7 17. Qd2 cxd4 18. Nxd4 h6 19. Nxc6 Bxc6 20. Qc3 Qxc3 21. Rxc3 Bb7 22. Rcd3 Rac8 23. Bxd5 Bxd5 24. Rxd5 Rxd5 25. Rxd5 Rc2 26. a4 Rxe2 27. Rd8+ Kh7 28. Rd7 f6 29. Rxa7 Rb2 30. Rb7 Rxb3 31. a5 b5 32. Kf1 b4 33. Ke2 Ra3 34. Rb5 Kg6 35. h4 h5 36. f3 Kh6 37. Rxb4 Rxa5 38. Ke3 Ra3+ 39. Ke4 Ra5 40. g4 Re5+ 41. Kf4 g5+ 42. hxg5+ Rxg5 43. Rb8 hxg4 44. fxg4 Ra5 45. Rb6 Kg6 46. Rb4 Rc5 1/2-1/2

[Event "EYCC Girls-U12 2019"]
[Site "Bratislava"]
[Date "2019.08.04"]
[Round "3.12"]
[White "Huang, Wendy"]
[Black "Verheij, Dana"]
[Result "0-1"]
[ECO "B92"]
[WhiteElo "1784"]
[BlackElo "1497"]
[Annotator "NA"]
[PlyCount "60"]
[EventDate "2019.08.02"]
[EventType "swiss"]
[EventCountry "SVK"]
[SourceTitle "playchess.com"]
[Source "ChessBase"]
[SourceQuality "1"]
[TimeControl "40/5400+30:1800+30"]

1. e4 c5 2. Nf3 d6 3. d4 cxd4 4. Nxd4 Nf6 5. Nc3 a6 6. Be2 e5 7. Nb3 Be6 8. O-O Be7 9. f4 exf4 10. Bxf4 Nc6 11. Bf3 Qc7 12. Kh1 O-O 13. Nd4 Rad8 14. Rc1 Ne5 15. Nd5 Bxd5 16. exd5 Qc4 17. b3 Qc3 18. Nf5 Rfe8 19. Bd2 Qc5 20. Be3 Qc8 21. Nxe7+ Rxe7 22. Bg5 Qf5 23. Qd2 Qg6 24. h4 h6 25. Bf4 Nxf3 26. Rxf3 Rde8 27. Rg3 Qh5 28. Bxh6 Qxh4+ 29. Rh3 Re1+ 30. Rxe1 Rxe1+ 0-1

[Event "EYCC Girls-U12 2019"]
[Site "Bratislava"]
[Date "2019.08.05"]
[Round "4.1"]
[White "Shvedova, Alexandra"]
[Black "Zhapova, Yana"]
[Result "1-0"]
[ECO "D44"]
[WhiteElo "1932"]
[BlackElo "1809"]
[Annotator "NA"]
[PlyCount "73"]
[EventDate "2019.08.02"]
[EventType "swiss"]
[EventCountry "SVK"]
[SourceTitle "playchess.com"]
[Source "ChessBase"]
[SourceQuality "1"]
[TimeControl "40/5400+30:1800+30"]

1. d4 d5 2. c4 e6 3. Nf3 Nf6 4. Nc3 c6 5. Bg5 dxc4 6. e4 b5 7. e5 h6 8. Bh4 g5 9. Nxg5 hxg5 10. Bxg5 Be7 11. exf6 Bxf6 12. Bxf6 Qxf6 13. g3 Bb7 14. Bg2 Na6 15. Ne4 Qe7 16. Qd2 O-O-O 17. O-O f5 18. Ng5 c5 19. Rfe1 Bxg2 20. Kxg2 Rxd4 21. Qa5 Qb7+ 22. Kg1 Rd7 23. Rxe6 Nc7 24. Re5 Rhd8 25. Rae1 Rd5 26. Nf7 Rf8 27. Rxf5 Rg8 28. Qc3 Qc6 29. Qf3 Kb7 30. Rf6 Qd7 31. Ne5 Qd8 32. Nc6 Qd7 33. Na5+ Kc8 34. Rf7 Qd6 35. Ree7 Ne6 36. Rd7 Nd4 37. Qxd5 1-0

[Event "EYCC Girls-U12 2019"]
[Site "Bratislava"]
[Date "2019.08.05"]
[Round "4.2"]
[White "Karmanova, Olga Dm."]
[Black "Buyuk, Ecrin Efsa"]
[Result "1/2-1/2"]
[ECO "D10"]
[WhiteElo "1838"]
[BlackElo "1592"]
[Annotator "NA"]
[PlyCount "79"]
[EventDate "2019.08.02"]
[EventType "swiss"]
[EventCountry "SVK"]
[SourceTitle "playchess.com"]
[Source "ChessBase"]
[SourceQuality "1"]
[TimeControl "40/5400+30:1800+30"]

1. c4 c6 2. d4 d5 3. cxd5 cxd5 4. Nc3 Nf6 5. f3 e6 6. e4 dxe4 7. fxe4 Bb4 8. Bb5+ Bd7 9. Bxd7+ Qxd7 10. Nge2 Nxe4 11. O-O Bxc3 12. bxc3 O-O 13. Qd3 f5 14. Ng3 Nxg3 15. Qxg3 Rf6 16. Rb1 Nc6 17. h4 Rg6 18. Qf3 Rg4 19. h5 h6 20. Bf4 Rd8 21. Rfe1 b6 22. g3 Ne7 23. Be5 Qe8 24. Rb2 Qxh5 25. Qb7 Re8 26. Rg2 Qg6 27. c4 Qf7 28. Qxa7 Nc6 29. Qxb6 Nxe5 30. Rxe5 Qg6 31. Qc6 Rxg3 32. Qxe8+ Qxe8 33. Rxg3 Qa4 34. Rxe6 Qxc4 35. Reg6 Qxd4+ 36. Kh2 Qh4+ 37. Kg1 Qd4+ 38. Kh2 Qf2+ 39. Rg2 Qh4+ 40. Kg1 1/2-1/2

[Event "EYCC Girls-U12 2019"]
[Site "Bratislava"]
[Date "2019.08.05"]
[Round "4.3"]
[White "Vlasova, Olesia"]
[Black "Zhou, Lepu Coco"]
[Result "1/2-1/2"]
[ECO "E62"]
[WhiteElo "1799"]
[BlackElo "1861"]
[Annotator "NA"]
[PlyCount "98"]
[EventDate "2019.08.02"]
[EventType "swiss"]
[EventCountry "SVK"]
[SourceTitle "playchess.com"]
[Source "ChessBase"]
[SourceQuality "1"]
[TimeControl "40/5400+30:1800+30"]

1. Nf3 Nf6 2. c4 g6 3. g3 Bg7 4. Bg2 O-O 5. d4 d6 6. O-O Nc6 7. Nc3 e5 8. d5 Ne7 9. c5 a6 10. cxd6 cxd6 11. e4 Nd7 12. Be3 h6 13. Nd2 f5 14. f3 f4 15. Bf2 g5 16. a4 Nf6 17. Qb3 Nh5 18. g4 Nf6 19. Nc4 Ng6 20. Qb6 Qxb6 21. Nxb6 Rb8 22. a5 Bd7 23. Rfc1 Rf7 24. Rc2 h5 25. h3 hxg4 26. hxg4 Bf8 27. Rac1 Be7 28. Nb1 Bd8 29. Na3 Ne8 30. b4 Bxb6 31. Bxb6 Nh4 32. Nc4 Ba4 33. Rc3 Nxg2 34. Kxg2 Bb5 35. Na3 Bd7 36. Nc4 Bb5 37. Na3 Bd7 38. Bg1 Rh7 39. Nc4 Rc8 40. Nb6 Rxc3 41. Rxc3 Kf8 42. Bf2 Ke7 43. Na8 Rh8 44. Nb6 Rh6 45. Rc1 Kd8 46. Nc4 Bb5 47. Nb6 Bd7 48. Nc4 Bb5 49. Nb6 Bd7 1/2-1/2

[Event "EYCC Girls-U12 2019"]
[Site "Bratislava"]
[Date "2019.08.05"]
[Round "4.4"]
[White "Van, Foreest Machteld"]
[Black "Kalenichenko, Alina"]
[Result "1-0"]
[ECO "B42"]
[WhiteElo "2186"]
[BlackElo "1549"]
[Annotator "NA"]
[PlyCount "85"]
[EventDate "2019.08.02"]
[EventType "swiss"]
[EventCountry "SVK"]
[SourceTitle "playchess.com"]
[Source "ChessBase"]
[SourceQuality "1"]
[TimeControl "40/5400+30:1800+30"]

1. e4 c5 2. Nf3 e6 3. d4 cxd4 4. Nxd4 a6 5. Bd3 Nc6 6. Nxc6 dxc6 7. Be3 Nf6 8. O-O Be7 9. Nc3 b5 10. e5 Nd5 11. Qg4 Kf8 12. Ne4 h5 13. Qf3 g6 14. Bc5 Bxc5 15. Nxc5 Kg7 16. Ne4 Qe7 17. Nd6 Bd7 18. c4 Nb6 19. c5 Na4 20. b4 a5 21. a3 Ra7 22. Be4 Rc7 23. Rfd1 Rf8 24. Bc2 axb4 25. Bxa4 bxa4 26. axb4 Ra7 27. Ne4 Rb8 28. Rd4 Be8 29. Nf6 Rd8 30. Nxh5+ gxh5 31. Qf6+ Qxf6 32. exf6+ Kxf6 33. Rxd8 Bd7 34. Rh8 Kg6 35. Rg8+ Kf6 36. Rg3 e5 37. Rga3 e4 38. Rxa4 Rb7 39. Ra7 Rxa7 40. Rxa7 Be6 41. Ra6 Bd5 42. b5 Ke5 43. b6 1-0

[Event "EYCC Girls-U12 2019"]
[Site "Bratislava"]
[Date "2019.08.05"]
[Round "4.5"]
[White "Karaivanova, Petya"]
[Black "Norman, Kseniya"]
[Result "1-0"]
[ECO "B06"]
[WhiteElo "1792"]
[BlackElo "1532"]
[Annotator "NA"]
[PlyCount "149"]
[EventDate "2019.08.02"]
[EventType "swiss"]
[EventCountry "SVK"]
[SourceTitle "playchess.com"]
[Source "ChessBase"]
[SourceQuality "1"]
[TimeControl "40/5400+30:1800+30"]

1. e4 g6 2. d4 Bg7 3. Nc3 d6 4. Nf3 Nd7 5. Be3 a6 6. Qd2 b5 7. a4 b4 8. Nd5 c5 9. dxc5 dxc5 10. Bf4 Ra7 11. Rb1 e6 12. Ne3 Bb7 13. Nc4 Bf8 14. Bd3 Qa8 15. Nfe5 Nxe5 16. Bxe5 f6 17. Bd6 Bxe4 18. Qe3 Bxd3 19. cxd3 Qd5 20. Bxf8 Kxf8 21. O-O Ne7 22. Rfe1 Kf7 23. Rbc1 Nf5 24. Qe4 Rc7 25. Qf4 e5 26. Nxe5+ fxe5 27. Rxe5 Qb7 28. g4 Rg8 29. gxf5 gxf5+ 30. Kf1 Qg2+ 31. Ke2 Rc6 32. Qxf5+ Rf6 33. Qh5+ Rgg6 34. Qxh7+ Rg7 35. Qh5+ Rgg6 36. Rf5 Kg7 37. Rxf6 Rxf6 38. Qxc5 Qf3+ 39. Kd2 Qxf2+ 40. Qxf2 Rxf2+ 41. Ke3 Rxb2 42. Rc7+ Kf6 43. Rc6+ Ke5 44. Rxa6 Rxh2 45. Ra5+ Kd6 46. Rb5 Rh3+ 47. Kd2 Rh2+ 48. Kc1 Rh1+ 49. Kc2 Rh2+ 50. Kb3 Rh3 51. Kc4 Rh4+ 52. d4 Rh1 53. Rxb4 Ra1 54. Kb5 Kc7 55. a5 Kb7 56. Ra4 Rb1+ 57. Kc5 Rc1+ 58. Kd6 Rc6+ 59. Kd5 Rh6 60. a6+ Ka7 61. Kc5 Rh4 62. Ra2 Rg4 63. d5 Rg1 64. Kc6 Rc1+ 65. Kd7 Rd1 66. d6 Rd3 67. Ke7 Re3+ 68. Kd8 Rd3 69. d7 Rd4 70. Ke7 Re4+ 71. Kd8 Rh4 72. Ke7 Re4+ 73. Kd6 Rd4+ 74. Ke6 Rd1 75. Ra5 1-0

[Event "EYCC Girls-U12 2019"]
[Site "Bratislava"]
[Date "2019.08.05"]
[Round "4.6"]
[White "Lomakina, Anzhelika"]
[Black "Gadasi, Noam"]
[Result "0-1"]
[ECO "B78"]
[WhiteElo "1752"]
[BlackElo "1585"]
[Annotator "NA"]
[PlyCount "90"]
[EventDate "2019.08.02"]
[EventType "swiss"]
[EventCountry "SVK"]
[SourceTitle "playchess.com"]
[Source "ChessBase"]
[SourceQuality "1"]
[TimeControl "40/5400+30:1800+30"]

1. e4 c5 2. Nf3 d6 3. d4 cxd4 4. Nxd4 Nf6 5. Nc3 g6 6. Be3 Bg7 7. f3 O-O 8. Qd2 Nc6 9. Bc4 Bd7 10. O-O-O Rc8 11. Bb3 Nxd4 12. Bxd4 b5 13. Nd5 Nxd5 14. Bxg7 Kxg7 15. exd5 a5 16. a3 Qc7 17. g4 e6 18. h4 h6 19. Rh2 e5 20. Rg2 Rb8 21. f4 f6 22. g5 fxg5 23. fxe5 dxe5 24. hxg5 h5 25. d6 Qd8 26. Kb1 a4 27. Ba2 Bg4 28. Re1 Rb6 29. Qe3 Qxd6 30. Rd2 Qc7 31. b4 Re8 32. Rd5 Bf5 33. Rc5 Rc6 34. Rxc6 Qxc6 35. Qa7+ Qd7 36. Qe3 Qc6 37. Qa7+ Kh8 38. Re2 Rc8 39. Qf2 Qc3 40. Be6 Rf8 41. Rd2 e4 42. Re2 Rd8 43. Qf1 Bxe6 44. Re3 Ba2+ 45. Kc1 Qa1# 0-1

[Event "EYCC Girls-U12 2019"]
[Site "Bratislava"]
[Date "2019.08.05"]
[Round "4.7"]
[White "Verheij, Dana"]
[Black "Denic, Hana"]
[Result "1-0"]
[ECO "C54"]
[WhiteElo "1497"]
[BlackElo "1821"]
[Annotator "NA"]
[PlyCount "51"]
[EventDate "2019.08.02"]
[EventType "swiss"]
[EventCountry "SVK"]
[SourceTitle "playchess.com"]
[Source "ChessBase"]
[SourceQuality "1"]
[TimeControl "40/5400+30:1800+30"]

1. e4 e5 2. Nf3 Nc6 3. Bc4 Bc5 4. c3 Nf6 5. d4 exd4 6. e5 d5 7. Bb5 Ne4 8. cxd4 Bb4+ 9. Bd2 Bxd2+ 10. Nbxd2 Nxd2 11. Qxd2 Bd7 12. O-O O-O 13. Bd3 h6 14. Rac1 Rc8 15. Rfe1 Qe7 16. Bb1 Bg4 17. Kh1 Rce8 18. Qd3 g6 19. Qe3 Kg7 20. Rg1 f5 21. h3 f4 22. Qb3 Be6 23. Qxb7 Qd7 24. Rxc6 Rc8 25. Rgc1 Rf7 26. Qxa7 1-0

[Event "EYCC Girls-U12 2019"]
[Site "Bratislava"]
[Date "2019.08.05"]
[Round "4.8"]
[White "Musabayeva, Diana"]
[Black "Sargsyan, Lilit G."]
[Result "1-0"]
[ECO "C18"]
[WhiteElo "1679"]
[BlackElo "1415"]
[Annotator "NA"]
[PlyCount "107"]
[EventDate "2019.08.02"]
[EventType "swiss"]
[EventCountry "SVK"]
[SourceTitle "playchess.com"]
[Source "ChessBase"]
[SourceQuality "1"]
[TimeControl "40/5400+30:1800+30"]

1. e4 e6 2. d4 d5 3. Nc3 Bb4 4. e5 c5 5. a3 Bxc3+ 6. bxc3 Ne7 7. f4 Nbc6 8. Nf3 Qa5 9. Bd2 Bd7 10. Bd3 c4 11. Be2 O-O-O 12. O-O f6 13. Qb1 Rdf8 14. Qb2 fxe5 15. fxe5 h6 16. Kh1 g5 17. Ng1 Nf5 18. Rab1 Nd8 19. Qb4 Qc7 20. a4 Rfg8 21. Rf2 h5 22. Rbf1 h4 23. Nh3 g4 24. Ng5 Ng3+ 25. hxg3 hxg3+ 26. Kg1 gxf2+ 27. Rxf2 g3 28. Rf3 Nc6 29. Qa3 Qb6 30. Rxg3 Nxe5 31. Bf4 Ng6 32. Be3 Nh4 33. Bf4 Nf5 34. Rh3 Rxh3 35. Nxh3 Nh4 36. Ng5 Ng6 37. Bg3 Be8 38. Bg4 Nf8 39. Qe7 Qd8 40. Qc5+ Bc6 41. Nf7 Qf6 42. Qd6 Qxf7 43. Qb8+ Kd7 44. Qc7+ Ke8 45. Qc8+ Ke7 46. Bh4+ Rg5 47. Bxg5+ Kd6 48. Qb8+ Qc7 49. Bf4+ Ke7 50. Qxc7+ Nd7 51. Qd6+ Kf7 52. Bxe6+ Kg7 53. Bxd7 Bxd7 54. Qxd7+ 1-0

[Event "EYCC Girls-U12 2019"]
[Site "Bratislava"]
[Date "2019.08.05"]
[Round "4.9"]
[White "Maria, Lia-Alexandra"]
[Black "Mikheeva, Galina"]
[Result "0-1"]
[ECO "C61"]
[WhiteElo "1572"]
[BlackElo "1952"]
[Annotator "NA"]
[PlyCount "66"]
[EventDate "2019.08.02"]
[EventType "swiss"]
[EventCountry "SVK"]
[SourceTitle "playchess.com"]
[Source "ChessBase"]
[SourceQuality "1"]
[TimeControl "40/5400+30:1800+30"]

1. e4 e5 2. Nf3 Nc6 3. Bb5 Nd4 4. Nxd4 exd4 5. O-O Bc5 6. b4 Bxb4 7. c3 Be7 8. cxd4 c6 9. Ba4 Qb6 10. Qc2 Nf6 11. Bb2 O-O 12. Nc3 d5 13. d3 Be6 14. Kh1 Rfd8 15. Rad1 Rac8 16. f4 dxe4 17. dxe4 Qa6 18. f5 Bc4 19. Rf3 b5 20. Bb3 b4 21. e5 bxc3 22. Bxc4 Qxc4 23. Rxc3 Qxa2 24. exf6 Bxf6 25. Ra3 Qd5 26. Rxa7 Rb8 27. Ra3 Rb5 28. Re3 h6 29. Rg3 Qxf5 30. Qc1 Bg5 31. Qc3 Rdb8 32. Ba1 Rb1 33. Rgd3 Qf1+ 0-1

[Event "EYCC Girls-U12 2019"]
[Site "Bratislava"]
[Date "2019.08.05"]
[Round "4.10"]
[White "Haile, Batel Goitom"]
[Black "Manko, Mariya"]
[Result "0-1"]
[ECO "A57"]
[WhiteElo "1522"]
[BlackElo "1807"]
[Annotator "NA"]
[PlyCount "82"]
[EventDate "2019.08.02"]
[EventType "swiss"]
[EventCountry "SVK"]
[SourceTitle "playchess.com"]
[Source "ChessBase"]
[SourceQuality "1"]
[TimeControl "40/5400+30:1800+30"]

1. d4 Nf6 2. c4 c5 3. d5 b5 4. e3 g6 5. b3 Bg7 6. Bb2 bxc4 7. Bxc4 O-O 8. Nf3 d6 9. O-O Ba6 10. Nbd2 Qb6 11. Re1 Nbd7 12. Qc2 Bxc4 13. Nxc4 Qb5 14. e4 Nb6 15. Nfd2 Rfd8 16. Nxb6 axb6 17. Nc4 Qa6 18. Bc3 b5 19. Nd2 Rdc8 20. Bb2 Ra7 21. a4 Rca8 22. b4 bxa4 23. bxc5 dxc5 24. e5 Nxd5 25. Qxc5 e6 26. Qd4 Rb7 27. Ne4 Rb4 28. Qd2 Qb6 29. Ba3 Rb3 30. Bc5 Qb5 31. Bd4 Rd3 32. Qb2 Qb4 33. Qxb4 Nxb4 34. Red1 Rxd4 35. Rxd4 Bxe5 36. Rxb4 Bxa1 37. Rb1 Bd4 38. Nd2 a3 39. Nb3 a2 40. Rd1 Rb8 41. Na1 Rb1 0-1

[Event "EYCC Girls-U12 2019"]
[Site "Bratislava"]
[Date "2019.08.05"]
[Round "4.11"]
[White "Schippke, Manon"]
[Black "Muradyan, Anahit"]
[Result "1-0"]
[ECO "C00"]
[WhiteElo "1743"]
[BlackElo "1353"]
[Annotator "NA"]
[PlyCount "89"]
[EventDate "2019.08.02"]
[EventType "swiss"]
[EventCountry "SVK"]
[SourceTitle "playchess.com"]
[Source "ChessBase"]
[SourceQuality "1"]
[TimeControl "40/5400+30:1800+30"]

1. e4 e6 2. b3 d5 3. Bb2 dxe4 4. Nc3 Nf6 5. Qe2 Bb4 6. O-O-O Bxc3 7. Bxc3 O-O 8. g4 Nc6 9. h4 Nd4 10. Qe3 e5 11. g5 Ng4 12. Qg3 Bf5 13. Bh3 Qd7 14. Re1 Nxc2 15. Kxc2 e3+ 16. Kb2 Nxf2 17. Qxe3 Nd3+ 18. Ka1 Nxe1 19. Qxe5 f6 20. Qxf5 Qxf5 21. Bxf5 fxg5 22. Be6+ Kh8 23. hxg5 Nd3 24. a4 Nf4 25. Bc4 Rf5 26. Nf3 Nd5 27. g6 h5 28. Bxd5 Rxd5 29. Ne5 Kg8 30. Rxh5 Re8 31. Rf5 Rf8 32. Rf7 b6 33. Rxc7 a6 34. Nd7 Rd8 35. Nxb6 R5d6 36. Rxg7+ Kf8 37. Nc4 Re6 38. Rf7+ Kg8 39. Rh7 Kf8 40. Rh8+ Ke7 41. g7 Rg6 42. Ne5 Rg1+ 43. Kb2 Rxg7 44. Nc6+ Kd6 45. Rxd8+ {[%emt 0:00:10] Rg6} 1-0

[Event "EYCC Girls-U12 2019"]
[Site "Bratislava"]
[Date "2019.08.05"]
[Round "4.12"]
[White "Salajan, Stefania"]
[Black "Siekanska, Maria"]
[Result "1/2-1/2"]
[ECO "B20"]
[WhiteElo "1482"]
[BlackElo "1561"]
[Annotator "NA"]
[PlyCount "180"]
[EventDate "2019.08.02"]
[EventType "swiss"]
[EventCountry "SVK"]
[SourceTitle "playchess.com"]
[Source "ChessBase"]
[SourceQuality "1"]
[TimeControl "40/5400+30:1800+30"]

1. e4 c5 2. c4 d6 3. Nc3 e6 4. g3 Nf6 5. Bg2 Be7 6. d3 Nc6 7. Nge2 a6 8. O-O Qc7 9. h3 Rb8 10. a4 O-O 11. f4 Nd7 12. g4 Na7 13. f5 b5 14. fxe6 fxe6 15. Rxf8+ Bxf8 16. axb5 axb5 17. Nf4 Ne5 18. b3 g6 19. Be3 bxc4 20. bxc4 Bg7 21. Rc1 Nac6 22. Nb5 Qd8 23. Qe2 g5 24. Nh5 Bh8 25. Rd1 Ba6 26. Bf1 Qe7 27. Ng3 Rf8 28. Bg2 Ng6 29. Rf1 Bxb5 30. cxb5 Nd4 31. Rxf8+ Kxf8 32. Qf1+ Ke8 33. b6 Nf4 34. Bxf4 gxf4 35. Ne2 Nxe2+ 36. Qxe2 Bd4+ 37. Kh1 Qb7 38. Qa2 Kd7 39. Qa4+ Kd8 40. Qb3 Qa6 41. Qb1 Kc8 42. b7+ Qxb7 43. Qxb7+ Kxb7 44. Bf3 Kc6 45. Kg2 d5 46. exd5+ exd5 47. Kf1 Bf6 48. Ke2 Kd6 49. Kd2 c4 50. dxc4 dxc4 51. Kc2 Kc5 52. Bd1 Kd4 53. Kd2 Ke4 54. Bc2+ Kf3 55. Bxh7 Kg2 56. h4 Kg3 57. g5 Bh8 58. h5 Kg4 59. Bg6 Kxg5 60. Ke2 Kg4 61. Kf2 Bd4+ 62. Kg2 c3 63. Kf1 Bg7 64. Kg2 Bf8 65. Kf2 Bh6 66. Kg2 Kg5 67. Kf3 Kf6 68. Be4 Ke5 69. Bg6 Kd4 70. Ke2 Kc4 71. Kd1 Kb3 72. Bc2+ Kb2 73. Be4 Bg7 74. Bf5 Kb3 75. Bg6 Kc4 76. Ke2 Bh6 77. Bf5 Kd4 78. Bg6 Kd5 79. Kf3 Ke5 80. Bc2 Kf6 81. Bg6 Ke6 82. Be4 Kd6 83. Bg6 Kc5 84. Ke2 Kd4 85. Bh7 Kc4 86. Kd1 f3 87. Ke1 Be3 88. h6 f2+ 89. Kf1 Kd4 90. Bb1 Bxh6 1/2-1/2

[Event "EYCC Girls-U12 2019"]
[Site "Bratislava"]
[Date "2019.08.05"]
[Round "4.13"]
[White "Budagova, Leyla"]
[Black "Ivanova, Dilyana"]
[Result "0-1"]
[ECO "B40"]
[WhiteElo "1442"]
[BlackElo "1734"]
[Annotator "NA"]
[PlyCount "118"]
[EventDate "2019.08.02"]
[EventType "swiss"]
[EventCountry "SVK"]
[SourceTitle "playchess.com"]
[Source "ChessBase"]
[SourceQuality "1"]
[TimeControl "40/5400+30:1800+30"]

1. e4 c5 2. Nf3 e6 3. b4 cxb4 4. d4 d6 5. a3 b3 6. cxb3 Nf6 7. Nc3 Nc6 8. Be2 Be7 9. O-O O-O 10. Be3 Ng4 11. Bd2 Bd7 12. h3 Nf6 13. Bd3 Rc8 14. b4 Ne8 15. Rc1 Bf6 16. Be3 a6 17. b5 axb5 18. Nxb5 d5 19. exd5 exd5 20. Rb1 Be6 21. Bf4 Qd7 22. Bg5 Bxg5 23. Nxg5 Bf5 24. Bxf5 Qxf5 25. Nf3 Na5 26. Ne5 f6 27. Nd3 Nc4 28. Na7 Rc7 29. Nb5 Re7 30. Nb2 Ned6 31. Nxd6 Nxd6 32. Rc1 Rfe8 33. f3 Qf4 34. Rc5 Re2 35. Rc2 Rxc2 36. Qxc2 Nf5 37. Qf2 Nxd4 38. Nd3 Ne2+ 39. Qxe2 Qd4+ 40. Qf2 Qxd3 41. Re1 Rxe1+ 42. Qxe1 Kf7 43. Qb4 Qe3+ 44. Kh2 d4 45. Qxb7+ Kg6 46. Qb4 d3 47. Qg4+ Qg5 48. Qe4+ Qf5 49. Qe8+ Kg5 50. h4+ Kf4 51. Qe1 Qe5 52. Qc1+ Kf5+ 53. Kh3 Qe2 54. g4+ Ke5 55. Qc7+ Kd4 56. Qd6+ Ke3 57. Qe6+ Kf2 58. Qd6 Qxf3+ 59. Kh2 Qg2# 0-1

[Event "EYCC Girls-U12 2019"]
[Site "Bratislava"]
[Date "2019.08.05"]
[Round "4.14"]
[White "Nordquelle, Amelia"]
[Black "Dubovik, Maria"]
[Result "1-0"]
[ECO "D37"]
[WhiteElo "1648"]
[BlackElo "1504"]
[Annotator "NA"]
[PlyCount "133"]
[EventDate "2019.08.02"]
[EventType "swiss"]
[EventCountry "SVK"]
[SourceTitle "playchess.com"]
[Source "ChessBase"]
[SourceQuality "1"]
[TimeControl "40/5400+30:1800+30"]

1. d4 d5 2. c4 e6 3. Nc3 Nf6 4. Nf3 a6 5. Bg5 c6 6. e3 Bb4 7. Bd3 Qa5 8. Qc2 dxc4 9. Bxc4 Ne4 10. Qxe4 Bxc3+ 11. Ke2 Bxb2 12. Rab1 Bc3 13. Rhd1 b5 14. Bb3 O-O 15. Bc2 f5 16. Qd3 Nd7 17. Bb3 Nf6 18. Qxf5 Nd5 19. Qc2 b4 20. Ne5 Qc7 21. Qe4 a5 22. Kf1 Rf5 23. Bc2 g6 24. Qh4 Rxe5 25. dxe5 Bxe5 26. Kg1 Ba6 27. Rbc1 Nc3 28. Rd8+ Rxd8 29. Bxd8 Bxh2+ 30. Kh1 Qd6 31. Bxa5 Be5 32. Bb3 c5 33. Bd8 c4 34. Bxc4 Bxc4 35. Qxc4 Kf7 36. Ba5 Qd2 37. Ra1 Ne4 38. Qxe4 Bxa1 39. Qb7+ Kf6 40. Qxb4 Qd1+ 41. Qe1 Qh5+ 42. Kg1 Be5 43. f4 Bb2 44. Qd2 Ba1 45. Bd8+ Kg7 46. Qd7+ Kg8 47. Qxe6+ Kg7 48. Qd7+ Kg8 49. Be7 Qf5 50. Qxf5 gxf5 51. Kf2 Kf7 52. Bc5 Bc3 53. Kf3 Ba5 54. g4 fxg4+ 55. Kxg4 Kf6 56. Kh5 Kf5 57. Kh6 Kf6 58. Kxh7 Kf7 59. e4 Bd2 60. Bd6 Ke6 61. Be5 Ba5 62. Kg6 Bd8 63. Bc3 Bb6 64. f5+ Ke7 65. f6+ Kf8 66. Bb4+ Ke8 67. f7+ 1-0